Map: Jagannatha LE

Players

Neeb - Winner!

  • Race: Protoss Protoss
  • Spawn Location: 1:00

Astrea

  • Race: Protoss Protoss
  • League: Master
  • Spawn Location: 7:00

Event: DreamHack SC2 Masters 2020 Winter

VOD

Have the link to the VOD?

Description

Time

  • Played on: Nov. 8, 2020, 6:47 p.m.
  • Length: 5:42

All games in this series

Show
View Real Time Build Order
Export as new Build Order

Neeb Protoss - Winner!

Build Orders: Oracle Opening 

Get SALT Encoding   

  12  0:00  Probe  
  13  0:12  Probe  
  14  0:17  Pylon  
  14  0:24  Probe (Chrono Boost)  
  16  0:36  Gateway, Probe (Chrono Boost)  
  16  0:43  Probe (Chrono Boost)  
  16  0:46  Assimilator  
  17  0:51  Probe  
  17  0:54  Assimilator  
  18  1:03  Probe (Chrono Boost)  
  19  1:08  Gateway  
  19  1:13  Probe (Chrono Boost)  
  20  1:18  Probe (Chrono Boost)  
  21  1:25  Cybernetics Core  
  21  1:30  Probe  
  22  1:36  Pylon  
  22  1:42  Probe  
  23  1:54  Probe  
  24  2:02  Stalker x2  
  24  2:06  Warp Gate  
  28  2:12  Pylon  
  28  2:37  Nexus  
  28  2:47  Stargate  
  28  2:50  Probe (Chrono Boost)  
  29  3:02  Probe (Chrono Boost)  
  30  3:06  Probe (Chrono Boost)  
  30  3:07  Adept  
  30  3:09  Adept  
  35  3:16  Pylon  
  35  3:21  Probe  
  36  3:27  Oracle (Chrono Boost)  
  36  3:34  Probe  
  40  3:37  Shield Battery  
  40  3:46  Probe  
  41  3:49  Probe  
  42  3:57  Stalker, Sentry  
  42  4:00  Probe (Chrono Boost)  
  42  4:01  Probe (Chrono Boost)  
  48  4:10  Shield Battery  
  48  4:13  Probe (Chrono Boost)  
  48  4:14  Probe (Chrono Boost)  
  50  4:17  Probe (Chrono Boost)  
  51  4:24  Stalker x2  
  53  4:33  Shield Battery  
  53  4:35  Probe  
  53  4:45  Probe  
  49  4:49  Stalker  
  49  4:50  Stalker  
  49  4:52  Probe  
  50  5:01  Pylon  
  50  5:10  Probe  
  50  5:11  Probe  
  48  5:22  Stalker, Probe  
  48  5:23  Stalker, Probe  
Show
View Real Time Build Order
Export as new Build Order

Astrea Protoss 

Build Orders:  

Get SALT Encoding   

  12  0:00  Probe  
  13  0:12  Probe  
  14  0:17  Pylon  
  14  0:24  Probe (Chrono Boost)  
  15  0:36  Gateway, Probe (Chrono Boost)  
  16  0:44  Probe (Chrono Boost)  
  16  0:46  Assimilator  
  17  0:51  Probe  
  17  0:54  Assimilator  
  18  1:03  Probe (Chrono Boost)  
  19  1:07  Gateway  
  19  1:12  Probe (Chrono Boost)  
  19  1:17  Probe (Chrono Boost)  
  20  1:23  Cybernetics Core  
  21  1:29  Probe  
  22  1:35  Pylon  
  22  1:41  Probe  
  24  1:57  Warp Gate (Chrono Boost)  
  28  2:08  Nexus  
  23  2:16  Stalker  
  25  2:25  Stalker  
  27  2:48  Gateway  
  27  2:49  Gateway  
  26  2:54  Stalker  
  28  3:03  Stalker  
  30  3:21  Pylon  
  30  3:24  Shield Battery  
  30  3:43  Stalker x2  
  34  3:49  Stalker x2  
  38  4:07  Pylon  
  38  4:08  Pylon  
  38  4:26  Stalker x2  
  38  4:27  Stalker  
  39  4:31  Sentry  
  34  4:50  Stalker x2  
  29  4:56  Stalker  
  25  5:23  Stalker x2  
  26  5:36  Stalker  
Tags
 
Add a new tag
Caveats
  • Supply blocks, unpowered buildings, or Contaminate may cause inaccurate times.
  • Supply counts are checked every 10 seconds.